 Dungeon Crawl Stone Soup version 0.31-a0-1112-ga3593d9213 (webtiles) character file.

Game seed: 10331027658541997

361 James the Ruffian (level 6, -3/43 HPs)
             Began as an Octopode Shapeshifter on Dec 4, 2023.
             Slain by a gnoll
             ... wielding a +0 halberd
              (13 damage)
             ... on level 4 of the Dungeon.
             The game lasted 00:10:56 (3531 turns).

James the Ruffian (Octopode Shapeshifter)           Turns: 3531, Time: 00:10:57

Health: -3/43      AC:  1    Str: 15    XL:     6   Next: 66%
Magic:  6/6        EV: 13    Int: 13    God:
Gold:   170        SH:  0    Dex: 11    Spells: 5/5 levels left

rFire   . .          .
                       - Unarmed
rCold   . . .        (no shield)
rNeg    + . .        (helmet currently unavailable)
rPois   .            e - amulet of regeneration
rElec   .            v - ring of positive energy
rCorr   .            (no ring)
SInv    .            (no ring)
Will    .....        (no ring)
Stlth   ++           (no ring)
HPRegen 1.07/turn    (no ring)
MPRegen 0.10/turn    (no ring)
                     (no ring)

%: no passive effects
@: beast-form
A: beast (slay +1), almost no armour, amphibious, 8 rings, camouflage 1,
gelatinous body 1, (nimble swimmer 1), tentacles
a: Begin Untransformation


You were on level 4 of the Dungeon.
You were a hulking beast.
You visited 1 branch of the dungeon, and saw 4 of its levels.

You collected 170 gold pieces.

Inventory:

Hand Weapons
 k - a +1 short sword of protection
   (You took it off a kobold on level 1 of the Dungeon)
 t - a +2 morningstar of venom
   (You took it off an orc on level 3 of the Dungeon)
Missiles
 d - 33 stones
 i - 5 poisoned darts (quivered)
Magical Staves
 u - a staff of air
   (You found it on level 3 of the Dungeon)
Jewellery
 e - an amulet of regeneration (around mantle)
   (You found it on level 1 of the Dungeon)
 v - a ring of positive energy (left tentacle)
   (You found it on level 3 of the Dungeon)
 w - an amulet of faith {!P}
   (You found it on level 3 of the Dungeon)
Talismans
 b - a beast talisman
 c - a flux talisman
Scrolls
 l - a scroll of enchant weapon
Potions
 a - 2 potions of lignification {!q}
 g - 3 potions of degeneration {!q}
 h - a potion of enlightenment
 m - a potion of attraction {unknown}
 p - a potion of cancellation {unknown}
 q - a potion of brilliance
 r - a potion of haste {unknown}


   Skills:
 - Level 4.0 Fighting
 - Level 2.0 Dodging
 - Level 6.0 Unarmed Combat
 + Level 3.1 Shapeshifting


You had 5 spell levels left.
You didn't know any spells.
Your spell library contained the following spells:

 Spells                   Type           Power      Damage    Failure   Level
 Volatile Blastmotes      Fire/Tloc      0%         2d10      67%         3
 Fulminant Prism          Conj/Hex       0%         3d5       97%         4
 Iskenderun's Mystic Bla  Conj/Tloc      0%         2d3       97%         4


Dungeon Overview and Level Annotations

Branches:
Dungeon (4/15)
 Temple: D:4-7

Altars:
Ru

Annotations:
D:3 Grinder


Innate Abilities, Weirdness & Mutations

You are a hulking beast.
Your limbs bulge with bestial killing power. (Slay +1)
You cannot wear most types of armour.
You are amphibious.
You can wear up to eight rings at the same time.
Your skin changes colour to match your surroundings (Stealth+).
Your rubbery body absorbs attacks. (AC +1, EV +1)
((You are camouflaged when in or above water. (Stealth+)))
You have tentacles for arms and can constrict up to eight enemies at once.


Message History

Found a potion of lignification.
There is a stone staircase leading up here.
a - 2 potions of lignification {!q} (gained 1)
There is a stone staircase leading up here.
Blink to where?
Press: ? - help, Dir - move target, f - you
Okay, then.
As you read the scroll labelled WEGETU PIRI, it crumbles to dust.
It was a scroll of blinking.
As you read the scroll labelled WINIDE ZUMU, it crumbles to dust.
It is a scroll of brand weapon.
Your +2 morningstar of protection drips with poison.
t - a +2 morningstar of venom
Okay, then.
Okay, then.
You open the door.
A kobold comes into view. It is wielding a +0 whip.
Found 10 gold pieces.
There is an open door here.
You tentacle-slap the kobold but do no damage.
Your grab misses the kobold. The kobold hits you but does no damage.
You bludgeon the kobold!
You kill the kobold!
Things that are here:
a +0 whip; a kobold corpse You now have 170 gold pieces (gained 10).
A ball python comes into view.
Found a stone staircase leading down.
The ball python hisses angrily.
A gnoll comes into view.
It is wielding a +0 halberd. 2 gnolls come into view.
The gnoll shouts!
The ball python attacks as it pursues you!
The ball python closely misses you. x2; The ball python barely misses you.
The ball python grabs you. The ball python constricts you.
You tentacle-slap the ball python.
You kill the ball python!
The gnoll hits you from afar with a +0 halberd!
The gnoll hits you with a +0 halberd!
* * * LOW HITPOINT WARNING * * *
The gnoll hits you from afar with a +0 spear.
* * * LOW HITPOINT WARNING * * *
You closely miss the gnoll.
The gnoll shouts!
Your grab misses the gnoll. The gnoll hits you with a +0 halberd!
* * * LOW HITPOINT WARNING * * *
The gnoll misses you.
You barely miss the gnoll. You grab the gnoll. You constrict the gnoll.
The gnoll hits you with a +0 halberd!
You die...

*,**,***,**,,,,,* *,,,,* ***
*,**,,,,,,......* ***#.#
*,******,*#.....* #.# *,**
*,##.....** #.#
,,,*****,#......,* #.# #
,,,,,,,,,**.>.g.** ###.# ##
,,,,,****##.,..g* ##.#.# ##.
,,,,,,***#....#g########....###..
,,,,,,+,,.......h..........)..'..
,,,,,,***#....##########....###..
,,,,,** ##.*,* ##.#.# ##. ,,,,**
***,* **###.#**## ,,,** *,*
*,,,.^.,,*# *+** *,* *,**#.##,*
*,* *,** *****,,,..#*,** *,* *,,*
*,,,,,,,.##>,,, *,***** **,*
*,***,**,**,,**


You could see 3 gnolls.

Vanquished Creatures
  2 orc priests (D:3)
  Jessica (D:3)
  Natasha (thrice) (D:3)
  2 orc wizards (D:3)
  6 adders
  3 gnolls (D:3)
  A white imp (D:3)
  A worm (D:2)
  9 orcs (D:3)
  2 bats (D:1)
  7 endoplasms
  2 giant cockroaches
  3 hobgoblins
  2 jackals (D:3)
  4 kobolds
  A quokka (D:1)
  5 ball pythons
  3 frilled lizards (D:3)
  7 rats
64 creatures vanquished.

Notes
Turn   | Place    | Note
-------+----------+-------------------------------------------
     0 | D:1      | James the Octopode Shapeshifter began the quest for the
                  | Orb.
     0 | D:1      | Reached XP level 1. HP: 13/13 MP: 1/1
   262 | D:1      | Reached XP level 2. HP: 12/18 MP: 2/2
   810 | D:2      | Reached skill level 4 in Unarmed Combat
   834 | D:2      | Reached XP level 3. HP: 23/23 MP: 3/3
  1714 | D:2      | Reached XP level 4. HP: 28/28 MP: 4/4
  1995 | D:3      | Reached skill level 5 in Unarmed Combat
  2025 | D:3      | Reached XP level 5. HP: 24/33 MP: 5/5
  2139 | D:3      | Noticed Grinder
  2159 | D:3      | Reached skill level 6 in Unarmed Combat
  2179 | D:3      | Reached XP level 6. HP: 15/41 MP: 6/6
  2293 | D:3      | Noticed Natasha
  2299 | D:3      | Killed Natasha
  2432 | D:3      | Noticed Jessica
  2441 | D:3      | Killed Jessica
  2454 | D:3      | Found a sacrificial altar of Ru.
  2625 | D:3      | Noticed Natasha
  2720 | D:3      | Killed Natasha
  2978 | D:3      | Noticed Natasha
  2987 | D:3      | Killed Natasha
  3121 | D:3      | Found a sacrificial altar of Ru.
  3531 | D:4      | Slain by a gnoll

Illustrated notes

Levels and vault maps discovered:
D:1:      dpeg_arrival_simpleton_a, layout_basic
D:2:      layout_basic
D:3:      layout_loops_ring, amcnicky_altar_gilded, minmay_checkerbox,
          uniq_grinder, uniq_jessica, uniq_natasha
D:4:      layout_loops_corners, evilmike_ruin_ashenzari, lemuel_blue_sif_altar

Skill      XL: |  1  2  3  4  5  6 |
---------------+-------------------+-----
Unarmed Combat | 4 5 6 |  6.0
Fighting       | 2 4 |  4.0
Dodging        | |  2.0
Shapeshifting  | |  3.1

Action                     |  1- 3 |  4- 6 || total
---------------------------+-------+-------++-------
  Melee: Unarmed           |    51 |    86 ||   137
         Constrict         |    15 |    22 ||    37
         Tentacles         |    12 |    16 ||    28
         Punch             |     1 |     9 ||    10
  Throw: Dart              |       |     6 ||     6
    Use: Scroll            |       |     9 ||     9
   Stab: Sleeping          |     5 |     3 ||     8
 Armour: Skin              |    19 |    30 ||    49
  Dodge: Dodged            |    32 |    36 ||    68

Table legend: (Time is in decaauts)
 A = Elapsed time spent in this place.
 B = Non-inter-level travel time spent in this place.
 C = Inter-level travel time spent in this place.
 D = Time resting spent in this place.
 E = Time spent auto-exploring this place.
 F = Levels seen in this place.
 G = Mean time per level.
                   A        B        C        D        E       F      G
               +--------+--------+--------+--------+--------+-----+--------+
         Total |   3518 |   3281 |    237 |    161 |   2194 |   4 |  879.5 |
       Dungeon |   3518 |   3281 |    237 |    161 |   2194 |   4 |  879.5 |
               +--------+--------+--------+--------+--------+-----+--------+

Top non-repeatable levels by time:
     D:3: 1542 daAuts
     D:2: 1079 daAuts
     D:1: 851 daAuts
     D:4: 44 daAuts
